 Dungeon Crawl Stone Soup version 0.17.2-1-ge4368a0 (webtiles) character file.

1537 Goblin1989 the Ruffian (level 8, -1/43 HPs)
             Began as a Vine Stalker Fighter on July 19, 2018.
             Was a Believer of Elyvilon.
             Slain by an ogre
             ... wielding a cursed +0 giant club
              (11 damage)
             ... on level 6 of the Dungeon.
             The game lasted 00:12:13 (3718 turns).

Goblin1989 the Ruffian (Vine Stalker Fighter)       Turns: 3718, Time: 00:12:14

Health: -1/43      AC: 11    Str: 22    XL:     8   Next: 86%
Magic:  0/10       EV:  6    Int:  8    God:    Elyvilon [**....]
Gold:   289        SH: 10    Dex: 13    Spells: 0 memorised, 7 levels left

rFire  . . .     SeeInvis .       - Unarmed
rCold  . . .     Clarity  .     v - +0 chain mail
rNeg   + . .     SustAt   +     b - +0 shield
rPois  .         Gourm    .     (no helmet)
rElec  .         Spirit   +     u - +1 cloak
rCorr  .         Warding  .     (no gloves)
rMut   .         Stasis   +     (no boots)
MR     +....                    p - amulet of stasis {!P}
Stlth  ..........               q - ring of positive energy
                                y - ring of sustain attributes

@: somewhat resistant to hostile enchantments, extremely unstealthy
A: fangs 3, regeneration 2, magic shield, antimagic bite, no device heal 3, rot
immunity
a: Lesser Healing, Heal Other, Divine Protection, Renounce Religion


You were on level 6 of the Dungeon.
You worshipped Elyvilon.
Elyvilon was pleased with you.
You were not hungry.

You visited 1 branch of the dungeon, and saw 6 of its levels.

You collected 289 gold pieces.

Inventory:

Armour
 b - a +0 shield (worn)
 u - a +1 cloak (worn)
 v - a +0 chain mail (worn)
Jewellery
 l - an uncursed ring of flight
 p - an amulet of stasis (around neck) {!P}
 q - a ring of positive energy (right hand)
 y - a ring of sustain attributes (left hand)
Wands
 k - a wand of polymorph (7)
Scrolls
 a - 4 scrolls of teleportation {unknown}
 d - 3 scrolls of fear {unknown}
 e - a scroll of recharging {unknown}
 i - a scroll of random uselessness {unknown}
 j - 2 scrolls of blinking {unknown}
 m - 6 scrolls of identify {unknown}
 o - a scroll of amnesia {unknown}
 r - a scroll of enchant weapon {unknown}
 t - 2 scrolls of remove curse {unknown}
Potions
 f - a potion of resistance {unknown}
 g - 2 potions of haste {@q3, !q}
 h - a potion of flight {unknown}
 n - a potion of agility {unknown}
 s - 2 potions of curing {@q1}
 w - a potion of heal wounds {unknown}
 x - a potion of magic {unknown}
Comestibles
 c - 4 fruits


   Skills:
 + Level 5.0 Fighting
 + Level 4.6 Armour
 + Level 1.8 Dodging
 + Level 4.8 Shields
 * Level 6.4 Unarmed Combat
 + Level 2.1 Invocations


You had 7 spell levels left.
You didn't know any spells.

Dungeon Overview and Level Annotations

Branches:
Dungeon (6/15)
 Temple: D:4-7

Altars:
Elyvilon
Okawaru
Vehumet
Xom
Zin


Innate Abilities, Weirdness & Mutations

You have razor-sharp teeth.
You heal very quickly.
When hurt, damage is shared between your health and your magic reserves.
Your bite disrupts and absorbs the magic of your enemies.
Potions and wands cannot restore your health.
You are immune to rotting.


Message History

The orc hits you but does no damage. x2
Health restored: 43; MP restored: 10 You hit the orc.
You bite the orc. You drain its power.
You kill the orc!
The orc hits you but does no damage. You block the orc's attack.
You completely miss the orc. You bite the orc. You drain its power.
You kill the orc!
The orc hits you but does no damage.
You barely miss the orc. You bite the orc. You drain its power.
The orc is severely wounded.
The orc hits you but does no damage.
Your shield and chain mail prevent you from hitting the orc.
You bite the orc. You drain its power.
You kill the orc!
No target in view!
No target in view!
No target in view!
No target in view!
No target in view!
No target in view!
No target in view!
No target in view!
No target in view!
No target in view!
No target in view!
No target in view!
No target in view!
No target in view!
No target in view!
No target in view!
No target in view!
No target in view!
No target in view!
No target in view!
No target in view!
No target in view!
No target in view!
Things that are here:
a club; a flail
Things that are here:
a club; a flail; an orc corpse Key pressed, stopping explore.
Key pressed, stopping explore.
You now have 289 gold pieces (gained 12).
Done exploring.
Done exploring.
(D) Dungeon
Where to? (Enter - D:4 @ (x,y), ? - help)
You see here a whip.
You see here an adder corpse.
There is a radiant altar of Vehumet here.
There is a stone staircase leading down here.
You climb downwards.
There is a stone staircase leading up here.
Unknown command.
An ogre comes into view. It is wielding a giant club.
The ogre shouts!
You see here a fizzy brown potion.
You punch the ogre! You bite the ogre. You drain its power.
The ogre is heavily wounded.
The ogre hits you with a giant club!!
Ouch! That really hurt!
You take 22 damage, and have 21/43 hp.
O_OOPS!!
MASSIVE DAMAGE!!
You now have 5/10 mp.
You are too injured to fight recklessly!
You are too injured to fight recklessly!
You are too injured to fight recklessly!
You are too injured to fight recklessly!
You are too injured to fight recklessly!
You are too injured to fight recklessly!
You are too injured to fight recklessly!
You are too injured to fight recklessly!
You are too injured to fight recklessly!
You are too injured to fight recklessly!
You are too injured to fight recklessly!
You are too injured to fight recklessly!
You are too injured to fight recklessly!
You are too injured to fight recklessly!
You are too injured to fight recklessly!
You are too injured to fight recklessly!
You are too injured to fight recklessly!
You are too injured to fight recklessly!
You are too injured to fight recklessly!
You are too injured to fight recklessly!
You are too injured to fight recklessly!
You are too injured to fight recklessly!
You are too injured to fight recklessly!
You are too injured to fight recklessly!
You are too injured to fight recklessly!
You are too injured to fight recklessly!
You punch the ogre!
The ogre is almost dead.
The ogre hits you with a giant club!
* * * LOW HITPOINT WARNING * * *
You take 12 damage, and have 9/43 hp.
O_OOPS!!
MASSIVE DAMAGE!!
You now have 2/10 mp.
Your shield and chain mail prevent you from hitting the ogre.
The ogre is almost dead.
The ogre hits you with a giant club!
You die...

█......█
█......█
▲......▲
█......█
█......▲
█....?.█
█..O...█
█...@..█
██▲█..███
█......█
█.....!█
▲......█
████......█
..........█
███.......█
........███


You could see an ogre.

Vanquished Creatures
  A hill giant (D:5)
  Sigmund (D:3)
  A hungry ghost (D:4)
  2 ogres (D:4)
  2 giant frogs
  A scorpion (D:4)
  A centaur skeleton (D:4)
  Jessica (D:3)
  2 iguanas (D:5)
  A worker ant (D:4)
  3 orc wizards
  7 adders
  A shadow imp (D:5)
  An ooze (D:2)
  4 worms
  4 giant geckos
  22 orcs
  3 ball pythons
  7 goblins
  5 hobgoblins
  2 jackals (D:3)
  9 kobolds
  3 quokkas
  7 bats
  2 giant cockroaches (D:2)
  3 giant newts
  A jackal skeleton (D:4)
  13 rats
110 creatures vanquished.

Notes
Turn   | Place    | Note
--------------------------------------------------------------
     0 | D:1      | Goblin1989 the Vine Stalker Fighter began the quest for the Orb.
     0 | D:1      | Reached XP level 1. HP: 11/11 MP: 2/2
   147 | D:1      | Reached XP level 2. HP: 14/16 MP: 1/3
   741 | D:2      | Reached skill level 3 in Fighting
   787 | D:2      | Reached XP level 3. HP: 20/20 MP: 4/4
  1175 | D:2      | Reached XP level 4. HP: 24/24 MP: 5/5
  1191 | D:2      | Found a white marble altar of Elyvilon.
  1200 | D:2      | Became a worshipper of Elyvilon the Healer
  1461 | D:3      | Noticed Sigmund
  1495 | D:3      | Killed Sigmund
  1495 | D:3      | Reached XP level 5. HP: 5/28 MP: 4/6
  1495 | D:3      | Gained mutation: You heal very quickly. [Vine Stalker growth]
  1495 | D:3      | Reached XP level 6. HP: 5/32 MP: 4/7
  1717 | D:3      | Reached skill level 4 in Unarmed Combat
  1786 | D:3      | Noticed Jessica
  1792 | D:3      | Killed Jessica
  2125 | D:4      | Noticed a hungry ghost
  2128 | D:4      | Reached * piety under Elyvilon
  2193 | D:4      | Killed a hungry ghost
  2193 | D:4      | Reached XP level 7. HP: 34/37 MP: 8/8
  2458 | D:4      | Reached skill level 5 in Unarmed Combat
  2570 | D:4      | Found an iron altar of Okawaru.
  2948 | D:5      | Entered Level 5 of the Dungeon
  2974 | D:5      | Gained mutation: You have razor-sharp teeth. [Vine Stalker growth]
  2974 | D:5      | Reached XP level 8. HP: 42/42 MP: 9/9
  3011 | D:5      | Found a radiant altar of Vehumet.
  3016 | D:5      | Reached ** piety under Elyvilon
  3030 | D:5      | Found a glowing silver altar of Zin.
  3031 | D:5      | Noticed a hill giant
  3066 | D:5      | Found a shimmering altar of Xom.
  3256 | D:5      | Killed a hill giant
  3256 | D:5      | Reached skill level 1 in Dodging
  3256 | D:5      | Reached skill level 6 in Unarmed Combat
  3256 | D:5      | Reached skill level 1 in Invocations
  3562 | D:5      | Reached skill level 5 in Fighting
  3718 | D:6      | Slain by an ogre

Action                   |  1- 3 |  4- 6 |  7- 9 || total
-------------------------+-------+-------+-------++-------
Melee: Unarmed           |   133 |   189 |   158 ||   480
  Use: Potion            |       |     2 |     1 ||     3
  Eat: Chunk             |       |     4 |       ||     4
       Bread ration      |       |     5 |       ||     5
       Meat ration       |       |     1 |       ||     1

Vault maps used:
D:1:      erik_arrival_blinker_ship
D:2:      lemuel_coloured_pillars_altar
D:3:      first_bread, uniq_jessica, uniq_sigmund
D:4:      minmay_misc_feat_tiny, okawaru_metal_pillars_1_2
D:5:      grunt_temple_overflow_open
D:6:      serial_shops, shop, uniq_menkaure
